 Dungeon Crawl Stone Soup version 0.18.1-5-g4a78601 (webtiles) character file.

5730 MDvedh the Frost Mage (level 10, 0/70 HPs)
             Began as a Mummy Summoner on May 9, 2016.
             Was a Follower of Ashenzari.
             Slain by a blink frog (2 damage)
             ... on level 1 of the Lair of Beasts.
             The game lasted 00:40:30 (18450 turns).

MDvedh the Frost Mage (Mummy Summoner)             Turns: 18450, Time: 00:40:31

Health: 0/70       AC:  7    Str: 11    XL:     10   Next: 48%
Magic:  12/21      EV: 14    Int: 18    God:    Ashenzari [*.....]
Gold:   132        SH:  0    Dex: 13    Spells: 3 memorised, 16 levels left

rFire  x . .     SeeInvis .     s - +1 spear (pierce)
rCold  + + .     Gourm    .     p - +1 robe of Nivetz {rC+} (curse)
rNeg   + + +     Faith    .     (no shield)
rPois  ∞         Spirit   .     j - +0 hat {MR+} (curse)
rElec  .         Dismiss  .     c - +0 cloak
rCorr  +         Reflect  .     m - +1 pair of gloves (curse)
SustAt .         Harm     .     w - +0 pair of boots (curse)
MR     ++...                    (no amulet)
Stlth  ++........               l - +1 ring of evasion (curse)
                                A - ring of resist corrosion (curse)

@: about to teleport, very resistant to hostile enchantments, unstealthy
A: no food or potions, fire vulnerability, cold resistance 1, negative energy
resistance 3, torment resistance, unbreathing
a: Curse Item, Scrying, Renounce Religion


You were on level 1 of the Lair of Beasts.
You worshipped Ashenzari.
Ashenzari was aware of your devotion.
You were not hungry.

You visited 3 branches of the dungeon, and saw 12 of its levels.
You also visited: Ice Cave.

You collected 499 gold pieces.
You spent 367 gold pieces at shops.

Inventory:

Hand Weapons
 g - a +2 whip of freezing
 h - a +0 dagger of protection
 s - a +1 spear of piercing (weapon)
Armour
 c - a +0 cloak (worn)
 j - a cursed +0 hat of magic resistance (worn)
 m - a cursed +1 pair of gloves (worn)
 p - the cursed +1 robe of Nivetz (worn) {rC+}
   (You found it on level 5 of the Dungeon)

   It protects you from cold.
   It has a curse placed upon it.
 w - a cursed +0 pair of boots (worn)
 C - the +1 leather armour of Diff {MR+}
   (You found it on level 10 of the Dungeon)

   It affects your resistance to hostile enchantments.
Jewellery
 l - a cursed +1 ring of evasion (right hand)
 z - an uncursed amulet of dismissal
 A - a cursed ring of resist corrosion (left hand)
 B - an uncursed ring of protection from magic
 E - an uncursed ring of fire
Wands
 d - a wand of polymorph (9/24)
 f - a wand of paralysis (15/24)
 q - a wand of enslavement (13/24)
 v - a wand of teleportation (3/9)
 x - a wand of random effects (10/48)
 y - a wand of acid (4/15)
Scrolls
 a - a scroll of fear
 e - a scroll of silence
 i - 3 scrolls of enchant weapon
 k - 4 scrolls of enchant armour
 n - 3 scrolls of teleportation
 o - 5 scrolls of identify
 t - a scroll of fog
 u - 2 scrolls of torment
Books
 b - a book of Callings

   Spells                             Type                      Level
   a - Summon Small Mammal            Summoning                    1
   b - Call Imp                       Summoning                    2
   c - Call Canine Familiar           Summoning                    3
   d - Summon Guardian Golem          Hexes/Summoning              3
   e - Summon Lightning Spire         Summoning/Air                4
   f - Summon Ice Beast               Ice/Summoning                4
 r - a book of Dreams

   Spells                             Type                      Level
   a - Ensorcelled Hibernation        Hexes/Ice                    2
   b - Silence                        Hexes/Air                    5
   c - Darkness                       Hexes                        6
   d - Shadow Creatures               Summoning                    6
 D - a book of Fire

   Spells                             Type                      Level
   a - Ignite Poison                  Fire/Transmutation/Poison    3
   b - Fireball                       Conjuration/Fire             5
   c - Bolt of Fire                   Conjuration/Fire             6
   d - Delayed Fireball               Conjuration/Fire             7
   e - Ring of Flames                 Charms/Fire                  7


   Skills:
 + Level 3.0 Fighting
 + Level 2.5 Armour
 + Level 3.0 Dodging
 - Level 1.5 Stealth
 + Level 7.6 Spellcasting
 + Level 7.4 Summonings
 - Level 8.0 Ice Magic


You had 16 spell levels left.
You knew the following spells:

 Your Spells              Type           Power        Failure   Level  Hunger
a - Summon Small Mammal   Summ           ####         1%          1    N/A
b - Call Canine Familiar  Summ           ####....     1%          3    N/A
c - Summon Ice Beast      Ice/Summ       ####....     4%          4    N/A

Dungeon Overview and Level Annotations

Branches:
Dungeon (10/15)            Temple (1/1) D:6            Lair (1/8) D:10
    Orc: D:9-12

Altars:
Ashenzari
Cheibriados
Dithmenos
Elyvilon
Fedhas
Gozag
Kikubaaqudgha
Makhleb
Nemelex Xobeh
Okawaru
Pakellas
Qazlal
Ru
Sif Muna
Trog
Vehumet
Xom
Yredelemnul
Zin
The Shining One

Shops:
D:7 ?   D:9 :

Annotations:
D:4 Pikel


Innate Abilities, Weirdness & Mutations

You do not eat or drink.
Your flesh is vulnerable to fire.
You are immune to poison.
Your flesh is cold resistant.
You are immune to negative energy.
You are immune to unholy pain and torment.
You can survive without breathing.


Message History

Gang up on whom?
Press: ? - help, Dir - move target cursor, f - blink frog
Aim: a blink frog (heavily wounded) Attack!
The blink frog hits you!
The blink frog blinks!
The blink frog hits you but does no damage.
The blink frog misses you.
Unknown command.
The blink frog closely misses you.
Your ice beast closely misses the komodo dragon.
Unknown command.
Your ice beast closely misses the komodo dragon.
Unknown command.
Read which item? (? for menu, Esc to quit)
As you read the scroll of teleportation, it crumbles to dust.
You feel strangely unstable. The blink frog hits you!
* * * LOW HITPOINT WARNING * * *
The blink frog hits you!
* * * LOW HITPOINT WARNING * * *
The blink frog hits you.
You die...

..##.....#.....##.,,,*,,,,,,,,*,,
..###...#......##....#,,,,,,,,,,,
..##....##.....##....#,,,,....,,,
..##...........##....#,,,,....*,,
####P...#......#.....#,,,,...,,,,
*####....##.####.....#####.+###.,
##.##...####.###................,
................FY..............,
................@F.lY...........,
.......................>†...§...,
..........##.###.#..............,
*.#.......######.#....####P.##..,
**#.......##..........#,,,.....,,
* #.......##.....##...#,,,,..#..,
*##.......##.....##...#,,,,..#,.,
,#P..............#....#,,,,,.#,,,
##........##.....##...#,,..,..,,,


You could see a komodo dragon, 2 blink frogs and 2 friendly ice beasts.

Vanquished Creatures
  A sky beast (D:10)
  An ice beast (D:8)
  A black bear (D:6)
  A wasp (D:9)
  A big kobold (D:9)
  2 giant frogs
  A killer bee (D:7)
  A howler monkey (D:8)
  2 crimson imps
  2 centaur zombies
  A gnoll shaman (D:7)
  A giant frog zombie (D:7)
  4 hounds
  An orc priest (D:6)
  3 giant frog skeletons
  5 iguanas
  6 orc wizards
  2 worker ants
  A wolf simulacrum (IceCv)
  2 worker ant zombies
  5 adders
  3 gnolls
  A howler monkey skeleton (D:4)
  A shadow imp (D:8)
  An ooze (D:1)
  A dart slug (D:1)
  3 giant geckos
  6 orcs
  8 bats
  7 giant cockroaches
  3 goblins
  4 hobgoblins
  9 jackals
  5 quokkas
  3 ball pythons
  A giant gecko skeleton (D:4)
  7 giant newts
  5 kobolds
  7 rats
119 creatures vanquished.

Vanquished Creatures (collateral kills)
  Gastronok (D:8)
  A hill giant (D:10)
  A komodo dragon (D:10)
  A wraith (D:10)
  A wyvern (D:8)
  A hungry ghost (D:8)
  A mottled dragon (D:10)
  2 hippogriffs
  A steam dragon (D:9)
  Edmund (D:5)
  A water moccasin (D:9)
  A porcupine (Lair:1)
  2 slaves (D:4)
  An eye of draining (D:10)
  3 ice beasts
  6 ogres
  A phantom (D:7)
  5 centaurs
  4 crocodiles
  A gnoll sergeant (D:7)
  9 giant frogs
  2 scorpions
  3 killer bees (D:7)
  3 howler monkeys
  3 jellies
  4 crimson imps
  4 hounds
  Crazy Yiuf (D:4)
  4 orc priests
  7 orc wizards
  5 iguanas
  5 worker ants
  2 worker ant zombies
  12 gnolls
  10 adders
  A shadow imp (D:3)
  2 oozes
  An adder zombie (D:6)
  An adder skeleton (D:4)
  2 worms
  A dart slug (D:3)
  5 giant geckos
  17 orcs
  4 bats
  3 giant cockroaches
  2 goblins
  3 hobgoblins
  7 jackals
  10 kobolds
  3 quokkas
  3 ball pythons
  A giant newt (D:1)
  A jackal zombie (D:6)
  A quokka skeleton (D:9)
  2 rats
  A butterfly (D:6)
181 creatures vanquished.

Vanquished Creatures (others)
  An orc (D:8)
  A fungus (Lair:1)
  2 plants (D:3)
4 creatures vanquished.

Grand Total: 304 creatures vanquished

Notes
Turn   | Place    | Note
--------------------------------------------------------------
     0 | D:1      | MDvedh the Mummy Summoner began the quest for the Orb.
     0 | D:1      | Reached XP level 1. HP: 13/13 MP: 3/3
   429 | D:1      | Reached XP level 2. HP: 19/19 MP: 5/5
   957 | D:1      | Reached XP level 3. HP: 17/24 MP: 4/6
   978 | D:1      | Learned a level 3 spell: Call Canine Familiar
  2207 | D:2      | Found an opulent altar of Gozag.
  2764 | D:2      | Found an iron altar of Okawaru.
  2765 | D:2      | Found a snail-covered altar of Cheibriados.
  2766 | D:2      | Found a sacrificial altar of Ru.
  2766 | D:2      | Found a sparkling altar of Nemelex Xobeh.
  2766 | D:2      | Found a bloodstained altar of Trog.
  2766 | D:2      | Found an ancient bone altar of Kikubaaqudgha.
  2767 | D:2      | Found a basalt altar of Yredelemnul.
  2769 | D:2      | Found a shadowy altar of Dithmenos.
  2777 | D:2      | Reached XP level 4. HP: 26/30 MP: 3/7
  2982 | D:3      | Found a sparkling altar of Nemelex Xobeh.
  3327 | D:3      | Reached skill level 5 in Summonings
  3997 | D:3      | Reached XP level 5. HP: 34/35 MP: 4/8
  4034 | D:3      | Learned a level 4 spell: Summon Ice Beast
  4949 | D:4      | Found an oddly glowing altar of Pakellas.
  4975 | D:4      | Noticed Crazy Yiuf
  5000 | D:4      | Killed Crazy Yiuf
  5000 | D:4      | Reached skill level 1 in Ice Magic
  5454 | D:4      | Reached XP level 6. HP: 41/41 MP: 6/9
  5481 | D:4      | Reached skill level 2 in Ice Magic
  5699 | D:4      | Noticed a slave
  5721 | D:4      | Killed a slave
  5822 | D:4      | Noticed Pikel
  5824 | D:4      | Noticed a slave
  5824 | D:4      | Noticed a slave
  5825 | D:4      | Noticed a slave
  5929 | D:4      | Killed a slave
  6410 | D:5      | Entered Level 5 of the Dungeon
  6438 | D:5      | Got a dull robe
  6450 | D:5      | Identified the +1 robe of Nivetz {rC+} (You found it on level 5 of the Dungeon)
  6465 | D:5      | Found a bloodstained altar of Trog.
  6657 | D:5      | Noticed Edmund
  6691 | D:5      | Killed Edmund
  6691 | D:5      | Reached skill level 3 in Ice Magic
  6691 | D:5      | Reached XP level 7. HP: 24/46 MP: 6/10
  7510 | D:6      | Reached skill level 4 in Ice Magic
  8371 | D:6      | Reached XP level 8. HP: 34/52 MP: 4/11
  8541 | D:6      | Found a staircase to the Ecumenical Temple.
  8562 | Temple   | Entered the Ecumenical Temple
  8570 | Temple   | Became a worshipper of Ashenzari the Shackled
  8703 | D:6      | Found a shimmering altar of Xom.
  8858 | D:6      | Found an iron altar of Okawaru.
  9103 | D:7      | Reached skill level 5 in Ice Magic
  9526 | D:7      | Found Zolityug's Magic Scroll Boutique.
  9593 | D:7      | Bought a scroll of fog for 30 gold pieces
  9593 | D:7      | Bought a scroll of teleportation for 45 gold pieces
  9593 | D:7      | Bought a scroll of torment for 112 gold pieces
  9593 | D:7      | Bought a scroll of remove curse for 45 gold pieces
  9949 | D:7      | Identified the Guide on Contamination and Weightlessness
 10089 | D:7      | Reached skill level 6 in Ice Magic
 11401 | D:8      | Reached XP level 9. HP: 57/57 MP: 9/15
 11541 | D:8      | HP: 2/57 [wyvern (13)]
 11935 | D:8      | Noticed Gastronok
 11947 | D:8      | Reached skill level 5 in Spellcasting
 11951 | D:8      | HP: 2/57 [Gastronok/the air (21)]
 12919 | D:8      | Killed Gastronok
 12919 | D:8      | Reached skill level 7 in Ice Magic
 13725 | D:9      | Found a radiant altar of Vehumet.
 14073 | D:9      | Reached skill level 8 in Ice Magic
 14196 | D:9      | Found Toxuzyke's Book Shoppe.
 14532 | D:9      | Reached skill level 1 in Armour
 15040 | D:9      | Reached skill level 1 in Fighting
 15040 | D:9      | Reached XP level 10. HP: 46/65 MP: 15/20
 15506 | D:10     | Entered Level 10 of the Dungeon
 15716 | D:10     | Noticed a hill giant
 15728 | D:10     | Killed a hill giant
 15800 | D:10     | Found a glowing golden altar of the Shining One.
 15904 | D:7      | Bought 2 scrolls of remove curse for 90 gold pieces
 15904 | D:7      | Bought a scroll of teleportation for 45 gold pieces
 17292 | D:10     | Identified the +1 leather armour of Diff {MR+}
 17828 | D:10     | Found a staircase to the Lair.
 17925 | Lair:1   | Entered Level 1 of the Lair of Beasts
 17986 | Lair:1   | Reached * piety under Ashenzari
 18011 | Lair:1   | Found a frozen archway.
 18068 | IceCv    | Entered an ice cave
 18450 | Lair:1   | HP: 2/70 [blink frog (13)]
 18450 | Lair:1   | Slain by a blink frog

Skill      XL: |  1  2  3  4  5  6  7  8  9 10 |
---------------+-------------------------------+-----
Summonings     | 4 5 6 7 |  7.4
Ice Magic      | 1 3 4 6 8 |  8.0
Spellcasting   | 4 7 |  7.6
Armour         | 1 2 |  2.5
Fighting       | 1 3 |  3.0
Dodging        | 3 |  3.0
Stealth        | |  1.5

Action                   |  1- 3 |  4- 6 |  7- 9 | 10-12 || total
-------------------------+-------+-------+-------+-------++-------
Melee: Unarmed           |    71 |       |       |       ||    71
       Dagger            |   136 |   211 |       |       ||   347
       Whip              |       |   142 |   150 |       ||   292
       Spear             |       |       |   194 |   139 ||   333
 Cast: Summon Small Mamm |    21 |    10 |     8 |       ||    39
       Call Canine Famil |    10 |    42 |    22 |     9 ||    83
       Summon Ice Beast  |       |       |    97 |    67 ||   164
Invok: Curse Item        |       |       |     4 |     2 ||     6
Evoke: Wand              |       |       |     1 |       ||     1
  Use: Scroll            |     2 |     6 |     9 |     2 ||    19
 Stab: Sleeping          |     4 |     6 |     1 |     2 ||    13
       Distracted        |       |     2 |     2 |     4 ||     8
Armor: Robe              |    52 |   136 |    88 |    51 ||   327
Dodge: Dodged            |   147 |   295 |   258 |    91 ||   791
